 Dungeon Crawl Stone Soup version 0.19-a0-1852-gc11d922 (webtiles) character file.

97 PurpleRed the Magician (level 5, 0/28 HPs)
             Began as a Kobold Wizard on Oct 10, 2016.
             Slain by a gnoll
             ... wielding a +0 flail
              (13 damage)
             ... on level 4 of the Dungeon.
             The game lasted 00:07:43 (755 turns).

PurpleRed the Magician (Kobold Wizard)               Turns: 755, Time: 00:07:43

Health: 0/28       AC:  3    Str:  5    XL:     5   Next: 0%
Magic:  2/11       EV: 15    Int: 20    God:
Gold:   86         SH:  0    Dex: 13    Spells: 4 memorised, 4 levels left

rFire  . . .     SeeInvis .     i - -1 rapier (curse)
rCold  . . .     Gourm    .     a - +0 robe
rNeg   . . .     Faith    .     (shield restricted)
rPois  .         Spirit   .     b - +0 hat
rElec  .         Dismiss  .     f - +0 cloak
rCorr  .         Reflect  .     (no gloves)
MR     .....     Harm     .     (no boots)
Stlth  ++........               (no amulet)
                                (no ring)
                                (no ring)

@: very slightly contaminated
A: carnivore 3
a: no special abilities


You were on level 4 of the Dungeon.
You were not hungry.

You visited 1 branch of the dungeon, and saw 4 of its levels.

You collected 86 gold pieces.

Inventory:

Hand Weapons
 g - a +0 dagger
 i - a cursed -1 rapier (weapon)
 j - a +0 quarterstaff of crushing
Armour
 a - a +0 robe (worn)
 b - a +0 hat (worn)
 f - a +0 cloak (worn)
Scrolls
 e - a scroll of recharging
Potions
 h - a potion of brilliance
 k - a potion of agility
Books
 c - a book of Minor Magic

   Spells                             Type                      Level
   a - Magic Dart                     Conjuration                  1
   b - Blink                          Translocation                2
   c - Call Imp                       Summoning                    2
   d - Repel Missiles                 Charms/Air                   2
   e - Slow                           Hexes                        2
   f - Conjure Flame                  Conjuration/Fire             3
   g - Mephitic Cloud                 Conjuration/Poison/Air       3
Comestibles
 d - 2 meat rations


   Skills:
 - Level 2.4 Dodging
 - Level 2.6 Stealth
 + Level 4.1 Spellcasting
 + Level 3.5 Conjurations
 + Level 1.1 Summonings
   Level 1.0 Translocations


You had 4 spell levels left.
You knew the following spells:

 Your Spells              Type           Power        Failure   Level  Hunger
a - Magic Dart            Conj           ###.         2%          1    None
b - Call Imp              Summ           #.......     14%         2    #......
c - Mephitic Cloud        Conj/Pois/Air  #.......     24%         3    ###....
d - Repel Missiles        Chrm/Air       #.....       21%         2    #......


Dungeon Overview and Level Annotations

Branches:
Dungeon (4/15)
 Temple: D:4-7

Altars:

Annotations:
D:3 Sigmund


Innate Abilities, Weirdness & Mutations

You are small and have problems with some larger weapons.
You are carnivorous and can eat meat at any time.


Message History

The gnoll hits you with a flail.
You hit the gnoll.
The gnoll is moderately wounded.
The gnoll hits you with a flail.
Your crimson imp completely misses the gnoll.
You hit the gnoll but do no damage.
The gnoll is moderately wounded.
Your crimson imp blinks!
The gnoll barely misses you.
You hit the gnoll but do no damage.
The gnoll is moderately wounded.
The gnoll barely misses you.
You hit the gnoll but do no damage.
The gnoll is moderately wounded.
The gnoll hits you with a flail.
You barely miss the gnoll.
The gnoll is moderately wounded.
Your crimson imp blinks!
The gnoll hits you with a flail!
You die...

#.####.#### ....
#..........
....... ##.....###
...g...
#...#########
.......
#...###.....#
.......
#...'.......###
.......
#...###......5#
....... #...#
####.#..###.......
#...# #.#@g....#
#...# #.##.#####
#...# #....# #####
###..# #######.ยง#
#........#
#.###...(# #.
#.....# #. #....##


You could see a gnoll and a friendly crimson imp.

Vanquished Creatures
  An ogre (D:4)
  A leopard gecko (D:3)
  A giant cockroach (D:4)
  2 goblins (D:2)
  2 hobgoblins
  A bat (D:1)
  A frilled lizard (D:3)
  A jackal skeleton (D:4)
  5 rats
15 creatures vanquished.

Vanquished Creatures (collateral kills)
  A gnoll (D:4)
  An adder (D:4)
  3 worms (D:3)
  A hobgoblin (D:3)
6 creatures vanquished.

Grand Total: 21 creatures vanquished

Notes
Turn   | Place    | Note
-------+----------+-------------------------------------------
     0 | D:1      | PurpleRed the Kobold Wizard began the quest for the Orb.
     0 | D:1      | Reached XP level 1. HP: 10/10 MP: 4/4
   252 | D:3      | Reached XP level 2. HP: 9/15 MP: 1/6
   272 | D:3      | Learned a level 2 spell: Call Imp
   427 | D:4      | Reached XP level 3. HP: 12/19 MP: 1/8
   615 | D:3      | Noticed Sigmund
   632 | D:4      | Noticed an ogre
   643 | D:4      | Killed an ogre
   643 | D:4      | Reached skill level 4 in Spellcasting
   643 | D:4      | Reached XP level 4. HP: 14/24 MP: 0/10
   649 | D:4      | Learned a level 3 spell: Mephitic Cloud
   652 | D:4      | Learned a level 2 spell: Repel Missiles
   723 | D:4      | Reached XP level 5. HP: 24/28 MP: 4/11
   755 | D:4      | Slain by a gnoll

Vault maps used:
D:1:      lemuel_arrival_cross
D:2:      first_bread
D:3:      minmay_misc_feat_x, minmay_stone_trees_small, uniq_sigmund

Skill      XL: |  1  2  3 |
---------------+----------+-----
Conjurations   | 2 3 |  3.5
Spellcasting   | 4 |  4.1
Dodging        | |  2.4
Stealth        | |  2.6
Summonings     | |  1.1
Translocations | |  1.0

Action                   |  1- 3 |  4- 6 || total
-------------------------+-------+-------++-------
Melee: Dagger            |     7 |       ||     7
       Rapier            |    34 |    11 ||    45
 Cast: Magic Dart        |    21 |     2 ||    23
       Call Imp          |    12 |     2 ||    14
  Use: Scroll            |     3 |       ||     3
 Stab: Sleeping          |     1 |       ||     1
  Eat: Chunk             |     1 |       ||     1
Armor: Robe              |     9 |       ||     9
Dodge: Dodged            |    33 |     7 ||    40
